 Dungeon Crawl Stone Soup version 0.28.0 (webtiles) character file.

Game seed: 5287487150084072380

565 Crownlay the Chopper (level 7, 0/59 (61) HPs)
             Began as a Hill Orc Fighter on Feb 11, 2022.
             Was an Initiate of Cheibriados.
             Slain by a wight (5 damage)
             ... on level 4 of the Dungeon.
             The game lasted 00:03:21 (2364 turns).

Crownlay the Chopper (Hill Orc Fighter)             Turns: 2364, Time: 00:03:22

HP:   0/59 (61)     AC:  8    Str: 20    XL:     7   Next: 32%
MP:   7/8           EV:  9    Int:  9    God:    Cheibriados [......]
Gold: 69            SH:  6    Dex: 19    Spells: 6/6 levels left

rFire   . . .      SeeInvis .   a - +0 war axe
rCold   . . .      Faith    .   c - +0 buckler
rNeg    + . .      Spirit   .   u - +0 scale mail {Will+}
rPois   .          Reflect  .   (no helmet)
rElec   .          Harm     .   i - +0 cloak
rCorr   .          Rampage  .   (no gloves)
Will    +....                   (no boots)
Stlth   ..........              (no amulet)
HPRegen 0.19/turn               g - +6 ring of dexterity
MPRegen 0.11/turn               r - ring of positive energy

@: lightly drained, very slow
A: no striking features
a: Renounce Religion


You were on level 4 of the Dungeon.
You worshipped Cheibriados.
Cheibriados was noncommittal.
You visited 1 branch of the dungeon, and saw 4 of its levels.

You collected 69 gold pieces.

Inventory:

Hand Weapons
 a - a +0 war axe (weapon)
Armour
 c - a +0 buckler (worn)
 i - a +0 cloak (worn)
 p - a +0 plate armour
 u - a +0 scale mail of willpower (worn)
Jewellery
 g - a +6 ring of dexterity (left hand)
 r - a ring of positive energy (right hand)
Wands
 n - a wand of mindburst (6)
Scrolls
 e - a scroll of noise {unknown}
 h - a scroll of blinking {unknown}
 j - 2 scrolls of teleportation {unknown}
 l - 2 scrolls of identify {unknown}
 o - 2 scrolls of magic mapping {unknown}
 s - a scroll of fear {unknown}
 t - a scroll of torment {unknown}
Potions
 d - a potion of might
 f - a potion of heal wounds {unknown}
 k - 2 potions of curing {unknown}
 m - 3 potions of mutation {unknown}
 q - a potion of cancellation {unknown}


   Skills:
 + Level 5.5 Fighting
 * Level 7.1 Axes
 + Level 4.0 Armour
 + Level 5.1 Shields
 * Level 1.5 Invocations


You had 6 spell levels left.
You didn't know any spells.
Your spell library was empty.

Dungeon Overview and Level Annotations

Branches:
Dungeon (4/15)
 Temple: D:4-7

Altars:
Cheibriados
Yredelemnul


Message History

Cheibriados thoroughly appreciates the change of pace.
You hit the wight but do no damage. The wight hits you with a +1 hand axe.
You partially resist.
You feel drained.
Your Armour skill increases to level 4!
You hit the wight but do no damage.
The wight is moderately damaged.
You barely miss the wight.
The wight hits you with a +0 dire flail.
The wight hits you with a +1 hand axe.
You slash the wight!
The wight is severely damaged.
You hit the wight.
The wight hits you with a +0 dire flail.
You partially resist.
You feel drained. The wight hits you with a +1 hand axe.
You are too injured to fight recklessly!
You are too injured to fight recklessly!
You are too injured to fight recklessly!
You are too injured to fight recklessly!
You are too injured to fight recklessly!
You slash the wight!
You destroy the wight!
Cheibriados thoroughly appreciates the change of pace.
You hit the wight but do no damage.
The wight hits you with a +0 dire flail.
* * * LOW HITPOINT WARNING * * *
You partially resist.
You feel drained. You block the wight's attack.
You slash the wight!
The wight is severely damaged.
The wight hits you with a +0 dire flail!
* * * LOW HITPOINT WARNING * * *
You partially resist.
You feel drained.
* * * LOW HITPOINT WARNING * * *
You closely miss the wight.
The wight is severely damaged.
The wight hits you with a +0 dire flail.
* * * LOW HITPOINT WARNING * * *
You closely miss the wight.
The wight is severely damaged.
The wight hits you with a +0 dire flail.
You die...

# ###
#.###########<#
#.)@..........#
#.z############
#.. #.. #.. #..
#.. ...


You could see a wight.

Vanquished Creatures
  Sigmund (D:2)
  3 wights (D:4)
  2 orc priests (D:3)
  Terence (D:3)
  Natasha (thrice) (D:2)
  A mummy (D:3)
  A gnoll (D:3)
  4 adders (D:3)
  4 worms (D:2)
  A dart slug (D:2)
  4 orcs (D:3)
  3 endoplasms
  4 giant cockroaches
  A goblin (D:3)
  6 hobgoblins
  A jackal (D:3)
  A quokka (D:1)
  5 ball pythons
  7 bats
  A frilled lizard (D:2)
  8 kobolds
  6 rats
68 creatures vanquished.

Vanquished Creatures (others)
  2 plants (D:3)
2 creatures vanquished.

Grand Total: 70 creatures vanquished

Notes
Turn   | Place    | Note
-------+----------+-------------------------------------------
     0 | D:1      | Crownlay the Hill Orc Fighter began the quest for the Orb.
     0 | D:1      | Reached XP level 1. HP: 19/19 MP: 1/1
    19 | D:1      | Found a faded altar of an unknown god.
    55 | D:1      | Reached skill level 3 in Axes
   104 | D:1      | Reached XP level 2. HP: 26/27 MP: 2/2
   856 | D:2      | Found a basalt altar of Yredelemnul.
   900 | D:2      | Reached XP level 3. HP: 33/33 MP: 3/3
   930 | D:2      | Noticed Sigmund
   936 | D:2      | Killed Sigmund
   937 | D:2      | Reached skill level 5 in Axes
   937 | D:2      | Reached XP level 4. HP: 37/41 MP: 4/4
   937 | D:2      | Reached XP level 5. HP: 43/47 MP: 5/5
  1285 | D:2      | Noticed Natasha
  1288 | D:2      | Killed Natasha
  1289 | D:2      | Reached skill level 5 in Fighting
  1289 | D:2      | Reached skill level 6 in Axes
  1289 | D:2      | Reached XP level 6. HP: 56/56 MP: 6/6
  1337 | D:2      | Noticed Natasha
  1346 | D:2      | Killed Natasha
  1486 | D:2      | Noticed Natasha
  1488 | D:2      | Killed Natasha
  1808 | D:3      | Noticed Terence
  1818 | D:3      | Killed Terence
  1825 | D:3      | Found a basalt altar of Yredelemnul.
  1832 | D:3      | Reached XP level 7. HP: 33/61 MP: 7/7
  2020 | D:3      | Found a snail-covered altar of Cheibriados.
  2029 | D:3      | Became a worshipper of Cheibriados the Contemplative
  2355 | D:4      | Reached skill level 5 in Shields
  2358 | D:4      | Reached skill level 7 in Axes
  2358 | D:4      | Reached skill level 1 in Invocations
  2364 | D:4      | Slain by a wight

Illustrated notes

Levels and vault maps discovered:
D:1:      minmay_arrival_glassed_features, layout_basic,
          ebering_ecumenical_altar_rust
D:2:      layout_rooms, basic_altar, uniq_sigmund, uniq_natasha
D:3:      layout_rooms, chei_slow_surprise, lemuel_round_altar,
          minmay_misc_feat_five, serial_bayou_pond_b, uniq_terence
D:4:      layout_basic, uniq_pikel

Skill      XL: |  1  2  3  4  5  6  7 |
---------------+----------------------+-----
Axes           | 3 5 6 7 |  7.1
Fighting       | 4 5 |  5.5
Shields        | 4 5 |  5.1
Invocations    | 1 |  1.5
Armour         | 4 |  4.0

Action                   |  1- 3 |  4- 6 |  7- 9 || total
-------------------------+-------+-------+-------++-------
Melee: War axe           |    75 |    78 |    18 ||   171
  Use: Potion            |     1 |       |       ||     1
Armor: Scale mail        |    33 |    22 |     2 ||    57
Dodge: Dodged            |    30 |    29 |     5 ||    64
Block: Buckler           |    22 |    24 |     4 ||    50
